[Event "SixDays Budapest GM-A January 2024"]
[Site "Budapest"]
[Date "2024.01.27"]
[Round "1.1"]
[White "Durak, Can"]
[Black "Can, Isik"]
[Result "0-1"]
[ECO "A62"]
[WhiteElo "2349"]
[BlackElo "2500"]
[Annotator "RC"]
[PlyCount "88"]
[EventDate "2024.01.26"]
[EventType "tourn"]
[EventCountry "HUN"]
[SourceTitle "playchess.com"]
[Source "ChessBase"]
[SourceQuality "1"]
[TimeControl "5400+30"]

1. d4 Nf6 2. c4 e6 3. g3 c5 4. d5 d6 5. Nc3 exd5 6. cxd5 g6 7. Bg2 Bg7 8. Nf3 O-O 9. O-O Re8 10. Re1 Nbd7 11. Bf4 Ng4 12. h3 Nge5 13. Ne4 Qe7 14. Qc1 Qf8 15. Nxe5 Nxe5 16. a4 h6 17. h4 b6 18. b4 f5 19. Nc3 cxb4 20. Nb5 Bd7 21. Qb1 Bxb5 22. axb5 Ng4 23. Qxb4 Bxa1 24. Rxa1 Ne5 25. Rc1 Rac8 26. Rc6 Nxc6 27. dxc6 Re5 28. h5 gxh5 29. Bxe5 dxe5 30. Qc4+ Kg7 31. Qe6 Re8 32. Qd7+ Re7 33. Qd6 Re8 34. Qd7+ Qf7 35. Qd6 Qe7 36. Qd5 h4 37. Bh3 hxg3 38. Bxf5 gxf2+ 39. Kf1 Qg5 40. Qg2 Qxg2+ 41. Kxg2 Kf6 42. Bh3 Re7 43. Kxf2 Rc7 44. Kf3 Ke7 0-1

[Event "SixDays Budapest GM-A January 2024"]
[Site "Budapest"]
[Date "2024.01.27"]
[Round "1.2"]
[White "Barrish, Daniel"]
[Black "Pham Tran Gia Phuc"]
[Result "0-1"]
[ECO "B30"]
[WhiteElo "2347"]
[BlackElo "2416"]
[Annotator "RC"]
[PlyCount "66"]
[EventDate "2024.01.26"]
[EventType "tourn"]
[EventCountry "HUN"]
[SourceTitle "playchess.com"]
[Source "ChessBase"]
[SourceQuality "1"]
[TimeControl "5400+30"]

1. e4 c5 2. Nf3 Nc6 3. Bb5 e5 4. O-O Bd6 5. c3 a6 6. Ba4 b5 7. Bc2 Nge7 8. a4 Rb8 9. Re1 O-O 10. d3 Bc7 11. Nbd2 d6 12. Nf1 h6 13. d4 cxd4 14. cxd4 Bg4 15. d5 Nd4 16. axb5 axb5 17. Be3 Ba5 18. N1d2 Nxc2 19. Qxc2 Bxf3 20. gxf3 f5 21. b4 Bxb4 22. Reb1 Bxd2 23. Bxd2 Ng6 24. Rb3 Nh4 25. Ra7 Rc8 26. Qb1 fxe4 27. Qxe4 Rc4 28. Qe2 Qf6 29. f4 Ra4 30. Rxa4 bxa4 31. Rg3 exf4 32. Bc3 Rb8 33. Qd3 Qxc3 0-1

[Event "SixDays Budapest GM-A January 2024"]
[Site "Budapest"]
[Date "2024.01.27"]
[Round "1.4"]
[White "Karamsetty, Jeevan"]
[Black "Nagy, Gabor"]
[Result "0-1"]
[ECO "B40"]
[WhiteElo "2211"]
[BlackElo "2450"]
[Annotator "RC"]
[PlyCount "90"]
[EventDate "2024.01.26"]
[EventType "tourn"]
[EventCountry "HUN"]
[SourceTitle "playchess.com"]
[Source "ChessBase"]
[SourceQuality "1"]
[TimeControl "5400+30"]

1. e4 c5 2. Nf3 e6 3. d3 Nc6 4. g3 d5 5. Nbd2 Bd6 6. Bg2 Nge7 7. O-O O-O 8. Re1 Qc7 9. c3 d4 10. Nc4 e5 11. cxd4 cxd4 12. Bd2 a5 13. Rc1 f6 14. a4 Be6 15. Nh4 Rfc8 16. Rf1 Qd8 17. f4 Bc7 18. f5 Bf7 19. g4 Nb4 20. g5 Ra6 21. Qf3 Qe8 22. Qg3 Kh8 23. Qh3 fxg5 24. Bxg5 Ng8 25. b3 Rc6 26. Rf3 Bd8 27. Bxd8 Qxd8 28. Rcf1 Rh6 29. Nxe5 Rc7 30. f6 gxf6 31. Ng4 Be6 32. Qg3 Rg7 33. Nxh6 Rxg3 34. hxg3 Bxb3 35. Nxg8 Bxg8 36. Rxf6 Nxd3 37. Bh3 Nc5 38. e5 d3 39. Nf3 Ne4 40. Rf4 Nxg3 41. Nd2 Nxf1 42. Kxf1 Qg5 43. Rf2 Qxe5 44. Bd7 Qa1+ 45. Kg2 Qg7+ 0-1

[Event "SixDays Budapest GM-A January 2024"]
[Site "Budapest"]
[Date "2024.01.27"]
[Round "1.5"]
[White "Castellanos Rodriguez, Renier"]
[Black "Pribelszky, Bence"]
[Result "1-0"]
[ECO "B47"]
[WhiteElo "2468"]
[BlackElo "2371"]
[Annotator "TA"]
[PlyCount "119"]
[EventDate "2024.01.26"]
[EventType "tourn"]
[EventCountry "HUN"]
[SourceTitle "playchess.com"]
[Source "ChessBase"]
[SourceQuality "1"]
[TimeControl "5400+30"]

1. e4 c5 2. Nf3 e6 3. d4 cxd4 4. Nxd4 Nc6 5. Nc3 Qc7 6. a3 a6 7. Nxc6 bxc6 8. Qg4 Nf6 9. Qg3 Qxg3 10. hxg3 d5 11. Bd3 Be7 12. Bf4 h6 13. f3 Nd7 14. g4 Bb7 15. g5 e5 16. Bd2 h5 17. g6 f6 18. Ne2 dxe4 19. Bxe4 Nc5 20. Bf5 Bc8 21. Ng3 Bxf5 22. Nxf5 Ne6 23. Be3 Rd8 24. Rh4 Rg8 25. Rxh5 ({Better is} 25. Ra4 $18 Ra8 26. O-O-O) 25... Nf8 $16 26. Rh4 Nxg6 27. Ra4 Ra8 28. Rd1 (28. Rg4 $142 Nf8 29. Nxg7+ (29. Rxg7 Rxg7 30. Nxg7+ Kf7 $16) 29... Kf7 30. Nf5 Rxg4 31. fxg4) 28... Kf7 $16 29. Rg4 Ke6 30. Nxe7 Nxe7 31. Bc5 Nf5 32. Ra4 Rh8 33. Kf2 Rhd8 34. Rxd8 Rxd8 35. Ke2 (35. Rxa6 $6 Rd2+ 36. Kf1 Ng3+ (36... Rxc2 37. b4 $11) 37. Kg1 (37. Ke1 Rxc2 38. b4 Re2+ 39. Kd1 Kd5 $11) 37... Ne2+ 38. Kf1 Rxc2 $11) 35... Ra8 36. Rb4 Kd5 37. Bf2 Nd6 38. b3 c5 39. Rb6 c4 40. b4 Nb5 41. Bc5 e4 $1 42. f4 Nd4+ (42... c3 $1 $11 43. a4 Nd4+ 44. Bxd4 Kxd4) 43. Ke3 ({White should play} 43. Kd1 $1 $16 Rd8 44. Rxa6) 43... Nf5+ $1 $11 (43... Nxc2+ $2 {is the wrong capture.} 44. Kd2 Nxb4 45. axb4 (45. Bxb4 c3+ 46. Bxc3 Rh8 $18) 45... e3+ 46. Kxe3 (46. Bxe3 Ke4 $18) 46... Re8+ 47. Kd2 $18) 44. Kf2 Re8 45. Be3 Re6 (45... Nd4 $11 46. c3 (46. Rxa6 Nxc2 47. Ra5+ Kd6 $14) (46. Bxd4 Kxd4 47. Rxa6 Kc3 $11) 46... Nb5) 46. Rb7 (46. Rb8 $16) 46... Re7 {[%emt 0:00:24] [#]} (46... g6 $11) 47. Rb8 $1 $16 Rd7 {[%emt 0:00:37] [#]} (47... Re6 $16 {might work better.} 48. c3 Nh6) 48. Rc8 $1 $18 Nd6 49. Rc5+ Ke6 50. g4 g6 (50... Nb5 $142) 51. Ra5 Nb5 $2 (51... f5 $16) 52. Rxa6+ $18 Kf7 (52... Kd5 $142 53. Ra5 (53. Rxf6 Nxa3 54. Rxg6 Nxc2 $18) 53... Kc6) 53. a4 $18 Na3 54. Rc6 Rd1 55. a5 Ra1 56. Rxf6+ ({Weaker is} 56. Bd4 Ra2 $18) 56... Kg7 57. Rc6 Ra2 (57... Nxc2 $142 58. Rxc4 Ra2 59. Rxe4 Nxb4+ 60. Kg3 Nc6) 58. Bd4+ $18 Kf7 59. Ke3 Nxc2+ 60. Kxe4 1-0

[Event "SixDays Budapest GM-A January 2024"]
[Site "Budapest"]
[Date "2024.01.28"]
[Round "2.1"]
[White "Can, Isik"]
[Black "Pribelszky, Bence"]
[Result "1-0"]
[ECO "B06"]
[WhiteElo "2500"]
[BlackElo "2371"]
[Annotator "TA"]
[PlyCount "85"]
[EventDate "2024.01.26"]
[EventType "tourn"]
[EventCountry "HUN"]
[SourceTitle "playchess.com"]
[Source "ChessBase"]
[SourceQuality "1"]
[TimeControl "5400+30"]

1. e4 g6 2. d4 Bg7 3. Nc3 a6 4. Be3 b5 5. h4 h6 6. h5 g5 7. f4 gxf4 8. Qg4 Nf6 $1 9. Qxf4 (9. Qxg7 Rh7 $15) 9... d6 10. Be2 b4 $1 11. Nd1 Nc6 12. Nf3 Qd7 13. Nf2 Bb7 ({Black should play} 13... Ng4 $14) 14. O-O-O O-O-O (14... e6 $16) 15. d5 $18 Nb8 16. Bc4 e6 17. Qh4 Rhg8 (17... exd5 $16 18. exd5 Rde8) 18. Kb1 $18 Nh7 (18... exd5 $142 19. exd5 b3) 19. g4 Rde8 20. Bd4 (20. Rhe1 $16) 20... Bxd4 21. Nxd4 (21. Rxd4 $6 Qe7 $11) 21... Ng5 22. Rhe1 c5 23. dxc6 $1 Nxc6 24. Qg3 Ne5 25. Qb3 Qc7 26. Bf1 $1 Qa5 27. Bg2 ({White should try} 27. Re3 $1 $16) 27... Nh7 28. Bf3 Nf6 (28... Kb8 $1 $11) 29. Rg1 Rg5 30. Nh3 Rg7 31. g5 (31. Nf2 $11) 31... Nxe4 $2 (31... Nxf3 $1 $17 32. Nxf3 (32. Qxf3 Nxe4 33. Nb3 Qe5 $17) 32... Nxe4 33. Qc4+ Kd7 (33... Kb8 34. Qd4 $17)) 32. Bxe4 $16 (32. gxh6 $2 Rxg1 33. Nxg1 Bd5 34. Bxe4 Bxb3 $19) 32... Bxe4 {[%emt 0:00:02] [#]} 33. Qe3 $1 (33. gxh6 $2 Rxg1 34. Rxg1 Bd5 $19) 33... Bd5 {[%emt 0:00:34] [#]} 34. Nb3 $1 Bxb3 $2 (34... Qc7 $16) 35. axb3 (35. cxb3 $142 {Strongly threatening Qa7.} Kb8 36. Rxd6 (36. gxh6 Rxg1 37. Qxg1 Nd7 $18)) 35... hxg5 $2 (35... Qc5 {is tougher.} 36. Qe4 (36. Qxc5+ dxc5 37. Ka2 Nf3 $15) 36... Reg8 37. gxh6 (37. Qa8+ Kc7 $17) 37... Rxg1 38. Nxg1 Kc7 (38... Rxg1 $2 39. Qa8+ Kc7 40. Rxg1 $18)) 36. Nxg5 Qc5 37. Qf4 f5 38. h6 Rd7 $2 (38... Rg6 {keeps fighting.} 39. h7 Rh8) 39. h7 $18 Ng6 40. Qf3 Kc7 (40... Rde7 $142 41. Nh3 (41. Qa8+ Kd7 $18) 41... Kb8 42. Rxg6 Rxh7) 41. Nxe6+ Rxe6 42. Rxg6 $1 Re8 43. Rg8 1-0

[Event "SixDays Budapest GM-A January 2024"]
[Site "Budapest"]
[Date "2024.01.28"]
[Round "2.2"]
[White "Nagy, Gabor"]
[Black "Castellanos Rodriguez, Renier"]
[Result "1/2-1/2"]
[ECO "A65"]
[WhiteElo "2450"]
[BlackElo "2468"]
[Annotator "TA"]
[PlyCount "66"]
[EventDate "2024.01.26"]
[EventType "tourn"]
[EventCountry "HUN"]
[SourceTitle "playchess.com"]
[Source "ChessBase"]
[SourceQuality "1"]
[TimeControl "5400+30"]

1. d4 Nf6 2. c4 e6 3. Nc3 c5 4. d5 exd5 5. cxd5 d6 6. e4 g6 7. Bd3 Bg7 8. h3 a6 9. a4 Nbd7 10. Nf3 {[%emt 0:00:14] Weiß steht etwas besser.} Nh5 11. Be2 O-O 12. Bg5 Nhf6 13. O-O {[%emt 0:02:03] Weiß hat aktiveres Spiel.} Re8 14. Nd2 h6 15. Be3 g5 (15... Nh7 $14) 16. Nc4 (16. f4 $16) 16... Ne5 (16... Nb6 $11) 17. Nxe5 $16 Rxe5 18. f4 gxf4 19. Bxf4 Qe7 20. Ra3 Rg5 21. Bxg5 hxg5 22. Qd2 Qe5 23. Kh1 (23. Qe3 $16) 23... Bd7 24. Rb3 b5 25. axb5 axb5 26. Bxb5 Bxb5 27. Nxb5 (27. Rxb5 $16 {Qf2 ist eine echte Drohung.} Nh5 28. Ne2) 27... Nxe4 $11 28. Qe1 {[%emt 0:02:19] [#] Und jetzt Re3 wäre schön.} Re8 29. Re3 {[%emt 0:03:02][%cal Ob5d6] Droht Nxd6! und aus.} f5 (29... Ng3+ $5 30. Qxg3 (30. Rxg3 $2 {verliert.} Qxe1 31. Rgf3 Qe7 $19) 30... Qxe3 31. Qxe3 (31. Qxd6 $2 {geht unter.} Qd3 $19) 31... Rxe3 $11) 30. Nc3 {[%emt 0:04:00] Nxe4 wäre nun fies.} Ng3+ {[%emt 0:00:55] Die Stellung ist ausgeglichen.} 31. Qxg3 Qxe3 32. Qxe3 Rxe3 33. Rxf5 g4 {[%emt 0:01:33] Gewichteter Fehlerwert: Weiß=0.20 (präzise) /Schwarz=0.16 (sehr präzise) .  Fehler:       	Weiß=3     	Schwarz=2     Ungenau:       	Weiß=1     	---        OK:         	Weiß=11    	Schwarz=11    Bester:       	Weiß=3     	---} 1/2-1/2

[Event "SixDays Budapest GM-A January 2024"]
[Site "Budapest"]
[Date "2024.01.28"]
[Round "2.3"]
[White "Sedlak, Nikola"]
[Black "Karamsetty, Jeevan"]
[Result "1/2-1/2"]
[ECO "A04"]
[WhiteElo "2463"]
[BlackElo "2211"]
[Annotator "TA"]
[PlyCount "53"]
[EventDate "2024.01.26"]
[EventType "tourn"]
[EventCountry "HUN"]
[SourceTitle "playchess.com"]
[Source "ChessBase"]
[SourceQuality "1"]
[TimeControl "5400+30"]

1. Nf3 g6 2. d4 d6 3. e4 Nf6 4. Nbd2 Bg7 5. Bb5+ c6 6. Bc4 d5 7. exd5 cxd5 8. Bb3 {[%emt 0:00:05] The position is equal.} O-O 9. O-O Nc6 10. c3 Bf5 11. Re1 Rc8 12. Nf1 Bg4 13. h3 Bxf3 14. Qxf3 Qa5 15. Bf4 e6 16. Ng3 Rfe8 17. h4 h5 18. Re2 Nh7 19. Rae1 {[%emt 0:01:05][%cal Ob3d5,Ba1e1,Be1e8,Be8c8,Bc8c6][%mdl 32] Bxd5! would now be deadly.} Rf8 20. Bd6 Rfd8 {[%emt 0:00:22] [#]} 21. Rxe6 {[%emt 0:04:32][%cal Ob3d5] And now Bxd5! would win.} Nxd4 $1 (21... fxe6 $2 22. Rxe6 Rxd6 23. Rxd6 $18) 22. cxd4 Rxd6 23. Re8+ $16 ({Inferior is} 23. Rxd6 Qxe1+ 24. Kh2 Qe7 25. Rxd5 Nf6 $17 (25... Qxh4+ 26. Kg1 $11)) 23... Rxe8 24. Rxe8+ Bf8 {[%emt 0:05:53] [#]} 25. Qc3 {[%emt 0:11:43] White has more active pieces.} (25. Nxh5 $1 $16 {Hoping for Nf4.} Qd2 (25... gxh5 $2 {perishes.} 26. Bc2 $18) 26. Qf4) 25... Qb5 $11 26. Rc8 Rc6 27. Rxc6 {[%emt 0:00:10] Weighted Error Value: White=0.16 (very precise) /Black=0.10 (very precise) .  Mistake:       	White=1     	Black=1      Inaccurate:     	White=3     	Black=3      OK:         	White=5     	Black=10     Best:        	White=2     	Black=1      Strong:       	---       	Black=1      Brilliant:      	White=1     	---} 1/2-1/2

[Event "SixDays Budapest GM-A January 2024"]
[Site "Budapest"]
[Date "2024.01.28"]
[Round "2.4"]
[White "Pham Tran Gia Phuc"]
[Black "Berczes, David"]
[Result "1-0"]
[ECO "E20"]
[WhiteElo "2416"]
[BlackElo "2439"]
[Annotator "TA"]
[PlyCount "95"]
[EventDate "2024.01.26"]
[EventType "tourn"]
[EventCountry "HUN"]
[SourceTitle "playchess.com"]
[Source "ChessBase"]
[SourceQuality "1"]
[TimeControl "5400+30"]

1. d4 Nf6 2. c4 e6 3. Nc3 Bb4 4. f3 d5 5. a3 Bxc3+ 6. bxc3 c6 7. e4 $1 {[%emt 0:00:17][%mdl 4] is now more promising than 7.e3. E20: Nimzo-Indian: 4 g3 and 4 f3.} dxe4 8. fxe4 Nxe4 9. Qg4 Nf6 10. Qxg7 Rg8 11. Qh6 Rg6 12. Qe3 c5 $146 ({Predecessor:} 12... Ng4 13. Qe2 c5 14. Nf3 cxd4 15. cxd4 Nc6 16. Bb2 Qa5+ 17. Nd2 Bd7 18. h3 Nh6 {1-0 Assaubayeva,B (2389)-Koneru,H (2586) Speed Chess (Women) Main blitz 2021 (1.14)}) 13. Nf3 Nbd7 14. g3 cxd4 15. cxd4 b5 16. Bg2 Bb7 17. Rb1 (17. cxb5 Qa5+ 18. Bd2 Qxb5 $14) (17. c5 $1 $18) 17... Rc8 (17... Nb6 $1 $14) 18. c5 $1 $16 (18. Rxb5 $6 Ba6 19. O-O Bxb5 20. cxb5 Nd5 $15) (18. cxb5 Be4 19. Ra1 Qa5+ 20. Bd2 Qxb5 $11) 18... Ng4 19. Qe2 Ndf6 20. Bb2 $2 (20. Qxb5+ $16 {stays on course.} Bc6 21. Qa6) 20... Nd5 (20... Qa5+ $17 21. Kf1 Ne4) 21. O-O $11 Nde3 22. Ne5 $2 (22. Nh4 $11 Nxg2 (22... Bxg2 23. Nxg2 Nxf1 24. Rxf1 $11) 23. Nxg6 (23. Nxg2 Qd5 $17) 23... hxg6 24. Qxg4) 22... Bxg2 $19 23. Qxb5+ {[%emt 0:00:28] [#]} Bc6 $2 (23... Kf8 $1 $19 24. Rxf7+ Kg8 25. Nxg6 Kxf7) 24. Nxc6 $11 Qd7 25. Nxa7 Nxf1 $2 ({Black should play} 25... Qxb5 $14 26. Nxb5 Nxf1 27. Rxf1 (27. Nd6+ Kd8 $18) 27... e5) 26. Nxc8 $18 (26. Rxf1 $6 Qxb5 27. Nxb5 Rb8 $16) 26... Qxb5 27. Nd6+ Kd7 28. Nxb5 Nd2 $2 (28... Ngxh2 29. Na7 (29. Rxf1 Nxf1 30. Kxf1 Rxg3 $16) 29... Nd2) 29. Rc1 $18 Kc6 30. Na7+ Kd5 (30... Kc7 $142 31. c6 Nf3+ 32. Kg2 Nd2 33. Nb5+ Kc8) 31. c6 $18 Rh6 32. Bc3 (32. c7 $142 Nf3+ 33. Kg2 Rxh2+ 34. Kxf3) 32... Nf3+ $18 33. Kg2 Ke4 34. h4 Ne3+ 35. Kf2 Kd3 36. Bb2 (36. Kxf3 $2 Rf6#) 36... Rf6 37. Rc3+ $1 Kd2 38. Rxe3 (38. c7 Nxd4+ (38... Nxh4+ 39. Kg1 Rf1+ 40. Kh2 Nf3+ 41. Kh3 Rh1#) 39. Kg1 Rf1+ 40. Kh2 Nf3+ 41. Kh3 Rh1#) 38... Ne1+ 39. Kg1 Kxe3 40. d5 (40. c7 Rf2 41. Kh1 Nf3 (41... Rxb2 $2 42. c8=Q $18) 42. Bc1+ Ke4 43. c8=Q Rh2#) 40... e5 $2 (40... Nf3+ 41. Kg2 Ne1+ 42. Kh3 Rf1) 41. Bxe5 (41. c7 Rf2 42. Kh1 Nf3 43. Bc1+ Ke2 44. c8=Q Rh2#) 41... Nf3+ 42. Kg2 Nxe5 43. c7 Rf2+ 44. Kh3 Rc2 {[%emt 0:00:30] [#]} 45. Nc6 $2 (45. c8=R Rd2 $16) ({Better is} 45. c8=Q $1 $18 Rxc8 46. Nxc8) 45... Nd3 $2 {[%emt 0:00:29][%mdl 8192] [#]} (45... Kf2 $11) 46. Kg4 $1 $18 (46. c8=B $2 {loses.} h5 47. Ba6 Nf2+ 48. Kg2 Rd2 $19) ({Worse is} 46. c8=Q Nf2+ 47. Kh2 Ng4+ 48. Kh3 Nf2+ 49. Kg2 Ng4+ 50. Kh1 Rc1+ 51. Kg2 Rc2+ 52. Kh3 Nf2+ $11) 46... Ne5+ 47. Kh5 Nxc6 48. c8=Q (48. c8=B $2 {perishes.} Nd4 49. Ba6 Nf5 $19) 1-0

[Event "SixDays Budapest GM-A January 2024"]
[Site "Budapest"]
[Date "2024.01.28"]
[Round "2.5"]
[White "Durak, Can"]
[Black "Barrish, Daniel"]
[Result "1-0"]
[ECO "A06"]
[WhiteElo "2349"]
[BlackElo "2347"]
[Annotator "TA"]
[PlyCount "69"]
[EventDate "2024.01.26"]
[EventType "tourn"]
[EventCountry "HUN"]
[SourceTitle "playchess.com"]
[Source "ChessBase"]
[SourceQuality "1"]
[TimeControl "5400+30"]

1. Nf3 d5 2. e3 c5 3. b3 Nf6 4. Bb2 g6 5. c4 dxc4 6. Bxc4 Bg7 7. O-O O-O 8. d4 cxd4 9. Nxd4 Bd7 10. Be2 Nc6 11. Bf3 Qb6 {[%emt 0:10:15] The position is equal.} 12. Nd2 Ne5 13. Be2 Rfd8 14. Rc1 Nd5 15. a3 Be8 16. Qc2 a6 17. Rfd1 Nc6 18. Nxc6 (18. N4f3 {simplifies} Rac8 19. Bxg7 Kxg7 20. Qb2+) 18... Bxc6 19. Bxg7 Nxe3 (19... Kxg7 $14 20. Nc4 Qc7) 20. Qb2 $16 (20. fxe3 Qxe3+ 21. Kf1 Bxg2+ 22. Kxg2 Qxe2+ 23. Kh1 Kxg7 $15) 20... Nxd1 21. Rxd1 Bb5 {[%emt 0:01:08] [#]} 22. Bh6 $1 {[%emt 0:04:54] Dancing on a razor blade. This pair of bishops is nice.} Qd4 23. Qxd4 $40 {[%emt 0:00:24][%mdl 128] White attacks with force.} Rxd4 24. Bf3 Rad8 25. a4 ({Don't play} 25. Bxb7 Be2 26. Rc1 R4d7 $11 (26... Rxd2 27. Bxd2 Rxd2 28. h3 $11)) 25... Bc6 26. Bxc6 bxc6 {[%emt 0:00:05] [#]} 27. Kf1 $1 f5 (27... Rh4 $14 {might be stronger.} 28. Bg5 Rxh2) 28. Be3 R4d5 (28... Rd3 $16) 29. Ke2 $18 e5 30. g3 Rf8 31. Rc1 f4 (31... Rc8 $142 32. Nc4 Re8) 32. Bb6 Rc8 33. Ne4 Kg7 {[%emt 0:00:34] Against Nf6} (33... Kf7 $142 34. Rc4 Ke7) 34. Nc5 Ra8 35. Ne6+ {[%emt 0:00:16] Weighted Error Value: White=0.04 (flawless) /Black=0.32.  Mistake:       	---       	Black=5      Inaccurate:     	White=1     	Black=1      OK:         	White=17    	Black=5      Best:        	White=1     	Black=1      Strong:       	White=1     	---} 1-0

[Event "SixDays Budapest GM-A January 2024"]
[Site "Budapest"]
[Date "2024.01.28"]
[Round "3.1"]
[White "Barrish, Daniel"]
[Black "Can, Isik"]
[Result "1/2-1/2"]
[ECO "B12"]
[WhiteElo "2347"]
[BlackElo "2500"]
[Annotator "TA"]
[PlyCount "24"]
[EventDate "2024.01.26"]
[EventType "tourn"]
[EventCountry "HUN"]
[SourceTitle "playchess.com"]
[Source "ChessBase"]
[SourceQuality "1"]
[TimeControl "5400+30"]

1. e4 c6 2. d4 d5 3. e5 Bf5 4. h4 h5 5. Bd3 Bxd3 6. Qxd3 e6 {[%emt 0:00:03] Die Stellung ist ausgeglichen.} 7. Bg5 Qb6 8. Nd2 {[%emt 0:01:19] Aktives Gegenspiel!} c5 9. c4 Qxb2 10. Rd1 Nc6 ({Bitte nicht} 10... Qxa2 11. Ne2 $16) 11. Ngf3 Nb4 ({Viel schlechter ist} 11... Qxa2 $6 12. dxc5 Nb4 (12... Bxc5 13. O-O $14) 13. Qe2 $14) 12. Qe2 {[%emt 0:04:24] [#] Und cxd5 würde nun gewinnen.} cxd4 {[%emt 0:13:33] Hier war wenig los.   Gewichteter Fehlerwert: Weiß=0.04 (makellos) /Schwarz=0.00 (makellos) .  OK:         	Weiß=2     	Schwarz=6} 1/2-1/2

[Event "SixDays Budapest GM-A January 2024"]
[Site "Budapest"]
[Date "2024.01.28"]
[Round "3.2"]
[White "Berczes, David"]
[Black "Durak, Can"]
[Result "1/2-1/2"]
[ECO "A06"]
[WhiteElo "2439"]
[BlackElo "2349"]
[Annotator "TA"]
[PlyCount "34"]
[EventDate "2024.01.26"]
[EventType "tourn"]
[EventCountry "HUN"]
[SourceTitle "playchess.com"]
[Source "ChessBase"]
[SourceQuality "1"]
[TimeControl "5400+30"]

1. Nf3 d5 2. g3 Nf6 3. Bg2 c5 4. O-O e6 5. c4 d4 6. b4 cxb4 7. a3 Nc6 8. Bb2 bxa3 9. Nxa3 Bc5 10. e3 O-O 11. exd4 Nxd4 12. Nc2 Nxf3+ 13. Bxf3 Be7 14. Qe2 {[%emt 0:07:41] The position is equal.} Bd7 15. Bd4 ({Don't play} 15. Bxb7 Rb8 16. Bxf6 (16. Rxa7 Bc5 $17) 16... Bxf6 $15 (16... Rxb7 17. Qe4 $11)) 15... Bc6 16. Bxc6 bxc6 17. Bxa7 c5 {[%emt 0:01:45] Not much happened in this game.   Weighted Error Value: White=0.04 (flawless) /Black=0.03 (flawless) .  Inaccurate:     	---       	Black=1      OK:         	White=4     	Black=7      Best:        	White=1     	Black=1} 1/2-1/2

[Event "SixDays Budapest GM-A January 2024"]
[Site "Budapest"]
[Date "2024.01.28"]
[Round "3.3"]
[White "Karamsetty, Jeevan"]
[Black "Pham Tran Gia Phuc"]
[Result "0-1"]
[ECO "B24"]
[WhiteElo "2211"]
[BlackElo "2416"]
[Annotator "TA"]
[PlyCount "52"]
[EventDate "2024.01.26"]
[EventType "tourn"]
[EventCountry "HUN"]
[SourceTitle "playchess.com"]
[Source "ChessBase"]
[SourceQuality "1"]
[TimeControl "5400+30"]

1. e4 c5 2. Nc3 Nc6 3. Bb5 Nd4 4. Bc4 e6 5. Nge2 Nf6 6. O-O a6 7. a4 d5 8. exd5 {[%emt 0:00:07] The position is equal.} exd5 9. Ba2 Bg4 10. h3 Bh5 11. f3 Bg6 12. d3 $1 Be7 13. Nf4 c4 14. Nxg6 (14. dxc4 $14 dxc4 15. Nxg6 (15. Bxc4 Bxc2 16. Qd2 Rc8 $17) 15... hxg6 16. Be3 (16. Bxc4 $2 Qc7 $19)) 14... hxg6 $11 15. dxc4 dxc4 (15... Qc7 $1 $11 {keeps the balance.}) 16. Bxc4 $2 {[%emt 0:11:26][%mdl 8192] [#] White does not recover from this.} (16. Be3 $1 $16 {stays on course.} Bc5 17. Ne4 (17. Bxc4 Qc7 $16) 17... Nxe4 18. fxe4) 16... Qc7 $1 $19 17. Ne2 $2 {[%emt 0:18:11] [#]} (17. Qxd4 $2 Bc5 18. Rd1 (18. Re1+ $2 Kf8 $19) (18. Bb5+ $2 axb5 19. Re1+ Kf8 $19) 18... Rd8 (18... Bxd4+ $2 19. Rxd4 Qe5 20. Ne2 $19) 19. Bb5+ (19. Re1+ $2 Kf8 $19) 19... axb5 (19... Kf8 $2 20. Be3 $19) 20. Re1+ Kf8 $19) (17. Be3 Nf5 18. Bb5+ axb5 19. Nxb5) 17... O-O-O $1 {[%emt 0:02:57] ...Nxf3+ is the strong threat. Black is clearly winning.} (17... Qxc4 18. Nxd4 O-O 19. Be3 $11) 18. Bd3 (18. Nxd4 $142 Rxd4 (18... Qxc4 19. c3 $14) 19. Be6+ (19. Qxd4 $2 {loses.} Bc5 $19) 19... fxe6 20. Qe1 (20. Qxd4 $2 Bc5 $19)) 18... Bc5 19. Be3 Nxe2+ 20. Qxe2 {[%emt 0:00:07] White is weak on the dark squares} Rhe8 21. Be4 Nxe4 22. fxe4 Rxe4 23. Rf3 Rde8 24. Ra3 Rxe3 25. Rfxe3 Rxe3 26. Rxe3 Qf4 {[%emt 0:00:06] Weighted Error Value: White=0.64/Black=0.09 (flawless) .  Loses game:     	White=1     	---        Mistake:       	White=3     	Black=1      Inaccurate:     	---       	Black=2      OK:         	White=5     	Black=4      Strong:       	White=1     	Black=2} (26... Bxe3+ 27. Qxe3 Kb8 28. b4 $11) 0-1